 Dungeon Crawl Stone Soup version 0.31-a0-174-g85c54bcb58 (webtiles) character file.

Game seed: 8589979680283515356

79 qw the Shooter (level 4, -1/40 HPs)
             Began as a Naga Hunter on June 15, 2023.
             Slain by a quokka (4 damage)
             ... on level 3 of the Dungeon.
             The game lasted 00:00:29 (1334 turns).

qw the Shooter (Naga Hunter)                        Turns: 1334, Time: 00:00:30

Health: -1/40      AC:  2    Str: 14    XL:     4   Next: 38%
Magic:  4/4        EV:  9    Int:  9    God:
Gold:   89         SH:  0    Dex: 16    Spells: 3/3 levels left

rFire   . . .        Y - +0 shortbow
rCold   . . .        (shield currently unavailable)
rNeg    . . .        c - +0 leather armour
rPois   +            (no helmet)
rElec   .            (no cloak)
rCorr   +            (no gloves)
SInv    +            (no barding)
Will    .....        (no amulet)
Stlth   ++           d - ring of resist corrosion
HPRegen 0.26/turn    (no ring)
MPRegen 0.09/turn

%: no passive effects
@: about to teleport, short of breath, very slow
A: AC +1, large, see invisible, deformed body, poison resistance, slowness 2,
spit poison 1, naga tail 1
a: Spit Poison


You were on level 3 of the Dungeon.
You visited 1 branch of the dungeon, and saw 3 of its levels.

You collected 89 gold pieces.


Innate Abilities, Weirdness & Mutations

Your serpentine skin is tough. (AC +1)
You have supernaturally acute eyesight. (SInv)
Armour fits poorly on your strangely shaped body.
Your system is resistant to poisons. (rPois)
You cover ground very slowly.
You can spit poison.
You have a snake-like lower body.


   Skills:
 + Level 2.6 Fighting
 - Level 5.0 Ranged Weapons
 - Level 1.5 Dodging
 - Level 1.5 Stealth


You had 3 spell levels left.
You didn't know any spells.
Your spell library was empty.

Inventory:

Hand Weapons
 Y - a +0 shortbow (weapon)
Armour
 c - a +0 leather armour (worn)
Jewellery
 d - a ring of resist corrosion (left hand)
Potions
 a - a potion of lignification {unknown}
 b - a potion of invisibility {unknown}

Dungeon Overview and Level Annotations

Branches:
Dungeon (3/15)

Altars:


Message History

The arrow hits the jackal but does no damage.
The jackal is almost dead.
You have got your breath back.
The jackal bites you but does no damage.
The jackal bites you. The quokka bites you. The jackal completely misses you.
The jackal closely misses you.
1326 ||| INVOKING Spit Poison.
Aiming: Spit Poison (1% risk of failure)
Press: ? - help, Shift-Dir - straight line, f/p - jackal The splash of poison misses the jackal.
The quokka closely misses you.
The jackal bites you. x3; The quokka bites you.
You shoot an arrow. The arrow hits the jackal.
You kill the jackal!
The jackal bites you. The quokka bites you. The jackal bites you.
You shoot an arrow. The arrow closely misses the jackal.
The quokka closely misses you. The jackal closely misses you.
The quokka bites you. The jackal barely misses you.
You shoot an arrow. The arrow closely misses the jackal.
The jackal closely misses you.
The quokka bites you but does no damage.
You shoot an arrow. The arrow closely misses the jackal.
You have got your breath back.
The jackal bites you but does no damage.
The quokka bites you. The jackal barely misses you.
1331 ||| INVOKING Spit Poison.
Aiming: Spit Poison (1% risk of failure)
Press: ? - help, Shift-Dir - straight line, f/p - jackal The splash of poison hits the jackal.
The jackal is poisoned.
The jackal is heavily wounded.
The quokka barely misses you. The jackal barely misses you.
You shoot an arrow. The arrow completely misses the jackal.
You kill the jackal!
The quokka bites you. x2
1333 ||| READING scroll of teleportation.
As you read the scroll of teleportation, it crumbles to dust.
You feel strangely unstable. The quokka bites you.
You shoot an arrow. The arrow closely misses the quokka.
The quokka bites you.
You die...

..............
.............
.(..........
#...........
#...........
#...........
#+###...##...r%......
#........##...@%......
###............#.##.....
...........#####.# ##.
........#......#'######
......................#
...#).......#.........#
##.#..................#
#.#......####..........
##.#.#+#...#.#.....#..).


You could see a quokka.

Vanquished Creatures
  Terence (D:2)
  2 adders
  An orc (D:3)
  A bat (D:3)
  3 endoplasms
  A giant cockroach (D:1)
  4 hobgoblins
  4 jackals (D:3)
  2 quokkas
  4 ball pythons
  5 frilled lizards
  2 goblins
  3 kobolds
  2 rats (D:1)
35 creatures vanquished.

Notes
Turn   | Place    | Note
-------+----------+-------------------------------------------
     0 | D:1      | qw the Naga Hunter began the quest for the Orb.
     0 | D:1      | Reached XP level 1. HP: 19/19 MP: 1/1
     0 | D:1      | 0 ||| qw: Version: 0.2-a-29-g511e9b1
     0 | D:1      | 0 ||| qw: Game counter: 5585
     0 | D:1      | 0 ||| qw: Always use a shield: true
     0 | D:1      | 0 ||| qw: God list: Okawaru
     0 | D:1      | 0 ||| qw: Allow faded altars: false
     0 | D:1      | 0 ||| qw: Do Orc after D:15 true
     0 | D:1      | 0 ||| qw: Do second Lair branch before Depths: true
     0 | D:1      | 0 ||| qw: Lair rune preference: random
     0 | D:1      | 0 ||| qw: Plans: Normal
     0 | D:1      | 0 ||| PLANNING D:1-11
     9 | D:1      | 9 ||| INVOKING Spit Poison.
    14 | D:1      | 14 ||| INVOKING Spit Poison.
    47 | D:1      | 47 ||| INVOKING Spit Poison.
    89 | D:1      | 89 ||| INVOKING Spit Poison.
    92 | D:1      | 92 ||| INVOKING Spit Poison.
    93 | D:1      | Reached skill level 4 in Ranged Weapons
    93 | D:1      | Reached XP level 2. HP: 26/26 MP: 2/2
   126 | D:1      | 126 ||| INVOKING Spit Poison.
   131 | D:1      | 131 ||| INVOKING Spit Poison.
   137 | D:1      | 137 ||| INVOKING Spit Poison.
   178 | D:1      | 178 ||| INVOKING Spit Poison.
   187 | D:1      | 187 ||| INVOKING Spit Poison.
   188 | D:1      | 188 ||| INVOKING Spit Poison.
   333 | D:1      | 333 ||| INVOKING Spit Poison.
   354 | D:1      | 354 ||| INVOKING Spit Poison.
   357 | D:1      | 357 ||| INVOKING Spit Poison.
   435 | D:1      | 435 ||| READING scroll labelled DEKHLA MEARO.
   440 | D:1      | 440 ||| READING scroll labelled XIGEME SEECW.
   441 | D:1      | 441 ||| DRINKING 3 sapphire potions.
   442 | D:1      | 442 ||| DROPPING scroll of butterflies.
   443 | D:1      | 443 ||| DROPPING 2 potions of brilliance.
   459 | D:2      | Noticed Terence
   461 | D:2      | 461 ||| INVOKING Spit Poison.
   465 | D:2      | Killed Terence
   466 | D:2      | Reached XP level 3. HP: 32/32 MP: 3/3
   483 | D:2      | 483 ||| INVOKING Spit Poison.
   491 | D:2      | 491 ||| INVOKING Spit Poison.
   496 | D:2      | 496 ||| INVOKING Spit Poison.
   567 | D:2      | 567 ||| INVOKING Spit Poison.
   572 | D:2      | 572 ||| INVOKING Spit Poison.
   592 | D:2      | 592 ||| INVOKING Spit Poison.
   598 | D:2      | 598 ||| INVOKING Spit Poison.
   686 | D:2      | 686 ||| INVOKING Spit Poison.
  1021 | D:2      | 1021 ||| INVOKING Spit Poison.
  1190 | D:2      | 1190 ||| DROPPING scarf of harm.
  1191 | D:2      | 1191 ||| UPGRADING to ring of resist corrosion.
  1221 | D:3      | Reached skill level 5 in Ranged Weapons
  1243 | D:3      | 1243 ||| INVOKING Spit Poison.
  1247 | D:3      | Reached XP level 4. HP: 34/39 MP: 4/4
  1271 | D:3      | 1271 ||| INVOKING Spit Poison.
  1288 | D:3      | 1288 ||| INVOKING Spit Poison.
  1291 | D:3      | 1291 ||| INVOKING Spit Poison.
  1319 | D:3      | 1319 ||| INVOKING Spit Poison.
  1326 | D:3      | 1326 ||| INVOKING Spit Poison.
  1331 | D:3      | 1331 ||| INVOKING Spit Poison.
  1332 | D:3      | HP: 8/40 [quokka (4)]
  1333 | D:3      | 1333 ||| READING scroll of teleportation.
  1333 | D:3      | HP: 2/40 [quokka (3)]
  1334 | D:3      | Slain by a quokka

Levels and vault maps discovered:
D:1:      enne_arrival_octagon_isle, layout_rooms
D:2:      layout_basic, uniq_terence
D:3:      layout_basic, minitemple, trog_antimagical, minmay_cut_off

Skill      XL: |  1  2  3 |
---------------+----------+-----
Ranged Weapons | 4 5 |  5.0
Fighting       | |  2.6
Dodging        | |  1.5
Stealth        | |  1.5

Action                     |  1- 3 |  4- 6 || total
---------------------------+-------+-------++-------
   Fire: Shortbow          |    61 |    22 ||    83
Ability: Spit Poison       |    24 |     6 ||    30
    Use: Scroll            |     2 |     1 ||     3
         Potion            |     1 |       ||     1
 Armour: Leather armour    |     4 |     5 ||     9
  Dodge: Dodged            |    20 |    15 ||    35

Table legend:
 A = Non-vault XP
 B = Vault XP
 C = Vault XP percentage of total XP
 D = Non-vault monster count
 E = Vault monster count
 F = Vault count percentage of total count
                 A         B        C        D         E       F
            +---------+---------+-------+---------+---------+-------
      Total |      56 |      58 |  50.9 |      29 |       6 |  17.1
            +---------+---------+-------+---------+---------+-------
        D:1 |      20 |       0 |   0.0 |      13 |       0 |   0.0
        D:2 |      24 |      36 |  60.0 |       9 |       1 |  10.0
        D:3 |      12 |      22 |  64.7 |       7 |       5 |  41.7
            +---------+---------+-------+---------+---------+-------
